 Dungeon Crawl Stone Soup version 0.30.1-4-g462c640d31 (webtiles) character file.

Game seed: 6161124372986398904

5788 coolio the Destroyer (level 10, -13/63 HPs)
             Began as a Demonspawn Conjurer on Sept 8, 2023.
             Was a Believer of Vehumet.
             Killed from afar by an efreet (33 damage)
             ... with a fireball
             ... on level 9 of the Dungeon.
             The game lasted 00:14:26 (10340 turns).

coolio the Destroyer (Demonspawn Conjurer)         Turns: 10340, Time: 00:14:27

Health: -13/63     AC: 12    Str:  9    XL:     10   Next: 50%
Magic:  8/20       EV: 18    Int: 22    God:    Vehumet [**....]
Gold:   138        SH:  0    Dex: 18    Spells: 8/23 levels left

rFire   . . .        g - staff of conjuration "Nubav" {Will+ SInv}
rCold   + . .        (no shield)
rNeg    + . .        w - +3 leather armour of Pextoti {rN+ SInv}
rPois   .            J - +0 helmet
rElec   .            p - +0 cloak
rCorr   .            (no gloves)
SInv    +            q - +0 pair of boots
Will    +....        (no amulet)
Stlth   ++           r - ring of protection from cold
HPRegen 0.30/turn    z - +6 ring of dexterity
MPRegen 0.34/turn

%: no passive effects
@: agile
A: hooves 1, thin metallic scales 1, powered by pain 3, magic regeneration
a: Renounce Religion


You were on level 9 of the Dungeon.
You worshipped Vehumet.
Vehumet was pleased with you.
You visited 2 branches of the dungeon, and saw 10 of its levels.

You collected 306 gold pieces.
You spent 168 gold pieces at shops.

Inventory:

Missiles
 o - 5 throwing nets
Armour
 p - a +0 cloak (worn)
 q - a +0 pair of boots (worn)
 w - the +3 leather armour of Pextoti (worn) {rN+ SInv}
   (You found it on level 4 of the Dungeon)

   rN:        It protects you from negative energy.
   SInv:      It lets you see invisible.
 I - the +4 leather armour of the Boiling Point {Dex+7}
   (You bought it in a shop on level 7 of the Dungeon)

   Dex:       It affects your dexterity (+7).
 J - a +0 helmet (worn)
Magical Staves
 g - the staff of conjuration "Nubav" (weapon) {Will+ SInv}
   (You acquired it on level 9 of the Dungeon)

   [staff of conjuration]

   Base accuracy: +5 Base damage: 5 Base attack delay: 1.2 This weapon's minimum
   attack delay (0.6) is reached at skill level 12.
   SInv:      It lets you see invisible.
   Will:      It increases your willpower.
   It falls into the 'Staves' category.
   It is a one-handed weapon.
Jewellery
 l - a ring of ice
 r - a ring of protection from cold (left hand)
 y - a +6 ring of strength
 z - a +6 ring of dexterity (right hand)
 C - a +4 ring of protection
 D - a +6 ring of intelligence
 G - a +5 ring of evasion
 N - a +6 ring of strength
Wands
 s - a wand of paralysis (4)
 t - a wand of flame (15)
 A - a wand of quicksilver (5)
Scrolls
 a - a scroll of identify
 f - 4 scrolls of enchant armour {unknown}
 i - 3 scrolls of teleportation {unknown}
 j - 3 scrolls of butterflies {unknown}
 n - 2 scrolls of vulnerability {unknown}
 x - 2 scrolls of enchant weapon
 B - a scroll of amnesia
 E - a scroll of silence {unknown}
 K - a scroll of brand weapon {unknown}
 M - a scroll of magic mapping {unknown}
Potions
 b - 2 potions of magic
 c - 3 potions of mutation
 d - 3 potions of berserk rage
 e - 2 potions of flight
 h - 2 potions of resistance
 k - 2 potions of brilliance
 m - 8 potions of curing
 u - 2 potions of might
 v - a potion of haste
 F - 3 potions of heal wounds
 H - 3 potions of attraction
 L - a potion of ambrosia


   Skills:
 + Level 5.8 Armour
 - Level 3.8 Dodging
 - Level 1.7 Stealth
 + Level 7.3 Spellcasting
 * Level 11.6 Conjurations
 * Level 3.3 Translocations
 * Level 0.3 Air Magic


You had 8 spell levels left.
You knew the following spells:

 Your Spells              Type           Power      Damage    Failure   Level
a - Magic Dart            Conj           100%       1d8       1%          1
b - Searing Ray           Conj           100%       2d8       1%          2
c - Blink                 Tloc           44%        N/A       4%          2
d - Iskenderun's Mystic   Conj/Tloc      57%        2d12      4%          4
e - Conjure Ball Lightni  Conj/Air       25%        3x3d7     80%         6

Your spell library contained the following spells:

 Spells                   Type           Power      Damage    Failure   Level
 Kiss of Death            Conj/Necr      100%       2d13      1%          1
 Momentum Strike          Conj/Tloc      100%       3d10      1%          2
 Dazzling Flash           Conj/Hex       100%       N/A       3%          3
 Lesser Beckoning         Tloc           44%        N/A       4%          2
 Fulminant Prism          Conj/Hex       25%        3d14      10%         4
 Slow                     Hex            32%        N/A       11%         1
 Confusing Touch          Hex            8%         N/A       32%         3
 Vampiric Draining        Necr           8%         2d6       32%         3
 Discord                  Hex            4%         N/A       100%        8
 Disjunction              Tloc           11%        N/A       100%        8


Dungeon Overview and Level Annotations

Branches:
Dungeon (9/15)             Temple (1/1) D:6
   Lair: D:8-11         Orc: D:9-12

Altars:
Dithmenos
Fedhas
Gozag
Kikubaaqudgha
Qazlal
Sif Muna
Trog
Uskayaw
Vehumet
Xom
Yredelemnul

Shops:
D:7 [   D:8 *


Innate Abilities, Weirdness & Mutations

You have large cloven feet.
You are partially covered in thin metallic scales. (AC +2)
You are powered by pain.
You regenerate magic rapidly.


Message History

The efreet gestures at you. The bolt of fire hits you!!
The searing ray hits the efreet.
The efreet is lightly wounded.
Unknown command.
The searing ray misses the efreet.
The efreet gestures at you. The bolt of fire hits you!!
* * * LOW HITPOINT WARNING * * *
You feel much better.
Casting: Searing Ray (safe; 1% risk of failure)
Confirm with . or Enter, or press ? or * to list all spells.
Aiming: Searing Ray (safe; 1% risk of failure)
Press: ? - help, Shift-Dir - straight line, f/p - efreet
Aim: an efreet, wielding a +3 scimitar of flaming (lightly wounded, 94% to hit)
You feel a surge of power!
The searing ray hits the efreet.
The efreet is moderately wounded. (Press . to maintain the ray.)
The searing ray hits the efreet.
The efreet is moderately wounded.
The efreet gestures at you.
The fireball explodes!
The fireball engulfs you!!
* * * LOW HITPOINT WARNING * * *
You focus on the pain.
You feel agile all of a sudden.
The fireball engulfs the efreet.
The efreet completely resists.
You feel much better. The efreet gestures at you.
The fireball explodes!
The fireball engulfs you!
You focus on the pain.
You feel more agile all of a sudden.
The fireball engulfs the efreet.
The efreet completely resists.
Aiming: Quicksilver Bolt
Press: ? - help, Shift-Dir - straight line, f/p - efreet
Aim: an efreet, wielding a +3 scimitar of flaming (moderately wounded, 90% to hit)
The bolt of dispelling energy hits the efreet!
The efreet is severely wounded.
The efreet gestures at you.
The fireball explodes!
The fireball engulfs you!!
Ouch! That really hurt!
You die...

#..#
#################..#########
#...........................
#...................g.......
#.###############.^.########
#.# #...# #.# #...#
#.###############...#########
#...........@R○°.............
###########################..
#.. #.. #.. #..
############(.
...............
................


You could see an efreet.

Vanquished Creatures
  2 cyclopes
  A hornet (D:8)
  3 wyverns
  8 yaks (D:9)
  A steam dragon (D:8)
  Edmund (D:4)
  A water moccasin (D:8)
  A sky beast (D:6)
  4 orc warriors
  3 black bears
  An ogre (D:7)
  A phantom (D:7)
  2 bullfrogs
  A kobold brigand (D:9)
  A gnoll sergeant (D:9)
  A scorpion (D:5)
  9 wights
  A jelly (D:4)
  8 hounds
  3 gnoll boudas
  3 orc priests
  A sleepcap (D:6)
  5 iguanas
  7 orc wizards
  12 adders
  24 gnolls
  2 shadow imps
  2 white imps
  2 dart slugs
  18 orcs
  2 bats (D:1)
  6 endoplasms
  2 giant cockroaches
  2 goblins
  4 hobgoblins
  6 jackals
  6 quokkas
  6 ball pythons
  2 frilled lizards
  8 kobolds
  5 rats
178 creatures vanquished.

Notes
Turn   | Place    | Note
-------+----------+-------------------------------------------
     0 | D:1      | coolio the Demonspawn Conjurer began the quest for the Orb.
     0 | D:1      | Reached XP level 1. HP: 13/13 MP: 3/3
   224 | D:1      | Gained mutation: You sometimes gain a little power by
                  | taking damage. [demonic ancestry]
   224 | D:1      | Reached XP level 2. HP: 10/19 MP: 0/5
   584 | D:1      | Learned a level 2 spell: Searing Ray
   615 | D:1      | Gained mutation: You have large cloven feet. [demonic
                  | ancestry]
   615 | D:1      | Reached XP level 3. HP: 24/24 MP: 2/6
   811 | D:1      | Found a faded altar of an unknown god.
  1865 | D:2      | Gained mutation: You sometimes gain power by taking damage.
                  | [demonic ancestry]
  1865 | D:2      | Reached XP level 4. HP: 30/30 MP: 4/7
  2473 | D:2      | Reached skill level 5 in Conjurations
  3387 | D:4      | Gained mutation: You are partially covered in thin metallic
                  | scales. (AC +2) [demonic ancestry]
  3387 | D:4      | Reached XP level 5. HP: 13/35 MP: 3/9
  3651 | D:4      | Reached XP level 6. HP: 41/41 MP: 4/11
  4051 | D:4      | Noticed Edmund
  4064 | D:4      | Killed Edmund
  4065 | D:4      | Reached skill level 6 in Conjurations
  4362 | D:4      | Gained mutation: You are powered by pain. [demonic
                  | ancestry]
  4362 | D:4      | Reached XP level 7. HP: 42/46 MP: 6/12
  4426 | D:4      | Identified the +3 leather armour of Pextoti {rN+ SInv}
  4712 | D:5      | Entered Level 5 of the Dungeon
  4727 | D:5      | Reached skill level 7 in Conjurations
  5105 | D:5      | Reached skill level 1 in Armour
  5637 | D:6      | Found a stormy altar of Qazlal.
  6026 | D:6      | Found a staircase to the Ecumenical Temple.
  6045 | D:6      | Reached XP level 8. HP: 52/52 MP: 9/14
  6054 | Temple   | Entered the Ecumenical Temple
  6205 | Temple   | Became a worshipper of Vehumet
  6312 | D:6      | Reached skill level 8 in Conjurations
  6447 | D:6      | Reached skill level 5 in Spellcasting
  6512 | D:6      | Found an opulent altar of Gozag.
  6954 | D:7      | Found Ynuibli's Antique Armour Emporium.
  6961 | D:7      | Bought a brightly glowing leather armour for 168 gold
                  | pieces
  6961 | D:7      | Identified the +4 leather armour of the Boiling Point
                  | {Dex+7} (You bought it in a shop on level 7 of the Dungeon)
  7078 | D:7      | Reached skill level 9 in Conjurations
  7311 | D:7      | Noticed a cyclops
  7320 | D:7      | Killed a cyclops
  7321 | D:7      | Reached XP level 9. HP: 57/57 MP: 7/17
  7536 | D:7      | Reached * piety under Vehumet
  7536 | D:7      | Offered knowledge of Freeze by Vehumet.
  8122 | D:8      | Reached skill level 10 in Conjurations
  8232 | D:8      | Found Ymatuneu's Lightly-Used Armoury.
  8472 | D:8      | Paralysed by a hornet for 3 turns
  8762 | D:8      | Reached skill level 5 in Armour
  9428 | D:8      | Learned a level 2 spell: Blink
  9433 | D:8      | Learned a level 4 spell: Iskenderun's Mystic Blast
  9536 | D:9      | Identified a scroll of acquirement
  9537 | D:9      | Acquired the staff of conjuration "Nubav" {Will+ SInv}
  9592 | D:9      | Noticed a cyclops
  9601 | D:9      | Killed a cyclops
  9602 | D:9      | Reached skill level 11 in Conjurations
  9602 | D:9      | Reached skill level 1 in Translocations
  9602 | D:9      | Gained mutation: You regenerate magic rapidly. [demonic
                  | ancestry]
  9602 | D:9      | Reached XP level 10. HP: 46/63 MP: 9/20
  9982 | D:9      | Offered knowledge of Kiss of Death by Vehumet.
  9983 | D:9      | Reached ** piety under Vehumet
 10117 | D:9      | Learned a level 6 spell: Conjure Ball Lightning
 10340 | D:9      | Killed from afar by an efreet

Illustrated notes

Levels and vault maps discovered:
D:1:      reono_arrival_mine, layout_loops_ring, basic_ecumenical_altar,
          minmay_pentomino_s4
D:2:      layout_basic
D:3:      layout_loops_ring
D:4:      layout_loops_ring, minmay_close_crescents, uniq_edmund
D:5:      layout_cave_pools, serial_column_ruins, column_ruins_square_small,
          column_ruins_open_small, column_ruins_open_small,
          column_ruins_corridor_straight, column_ruins_open_tiny,
          column_ruins_corridor_straight, column_ruins_open_large,
          kennysheep_generic_room_5
D:6:      layout_basic, grunt_qazlal_sundering, mainiacjoe_overflow_boulevard,
          minmay_temple_entry_slanted
D:7:      layout_loops_cross, serial_shops, shop_statue,
          kennysheep_generic_room_4
D:8:      layout_cave_pods, minmay_shop_damaged
D:9:      layout_long_grid
Temple:   nicolae_temple_slightly_damp_pantheon

Skill      XL: |  1  2  3  4  5  6  7  8  9 10 |
---------------+-------------------------------+-----
Dodging        | 2 3 |  3.8
Conjurations   | 5 6 7 9 11 | 11.6
Spellcasting   | 3 4 5 6 7 |  7.3
Armour         | 1 3 5 |  5.8
Translocations | 1 3 |  3.3
Stealth        | |  1.7
Air Magic      | |  0.3

Action                     |  1- 3 |  4- 6 |  7- 9 | 10-12 || total
---------------------------+-------+-------+-------+-------++-------
  Melee: Unarmed           |    46 |       |       |       ||    46
         Dagger            |    24 |       |       |       ||    24
         Short sword       |     5 |    34 |    33 |       ||    72
         Staff             |       |       |     8 |       ||     8
         Punch             |       |       |     1 |       ||     1
   Cast: Magic Dart        |    68 |    85 |   128 |    31 ||   312
         Searing Ray       |       |     9 |    58 |    18 ||    85
  Evoke: Wand              |       |     2 |     6 |     1 ||     9
    Use: Scroll            |       |       |    15 |       ||    15
         Potion            |       |       |       |     2 ||     2
   Stab: Paralysed         |       |     8 |    17 |       ||    25
 Armour: Robe              |    15 |    19 |       |       ||    34
         Leather armour    |       |       |    53 |     8 ||    61
  Dodge: Dodged            |    65 |    38 |    77 |    11 ||   191
